 Dungeon Crawl Stone Soup version 0.23-a0-147-g7935be9 (webtiles) character file.

37 topirishpotato the Sneak (level 3, -6/24 HPs)
             Began as a Demonspawn Enchanter on Sept 7, 2018.
             Mangled by Crazy Yiuf
             ... wielding a +3 quarterstaff of chaos
              (8 damage)
             ... on level 1 of the Dungeon.
             The game lasted 00:04:47 (1686 turns).

topirishpotato the Sneak (Demonspawn Enchanter)     Turns: 1686, Time: 00:04:47

Health: -6/24      AC:  3    Str:  8    XL:     3   Next: 21%
Magic:  1/6        EV: 12    Int: 16    God:
Gold:   64         SH:  0    Dex: 14    Spells: 3/6 levels left

rFire    . . .     SeeInvis .   a - +1 dagger
rCold    . . .     Gourm    +   (no shield)
rNeg     . . .     Faith    .   b - +0 robe
rPois    .         Spirit   .   l - +0 hat
rElec    .         Reflect  .   (no cloak)
rCorr    .         Harm     .   e - +0 pair of gloves
MR       .....                  (no boots)
Stlth    +.........             c - amulet of the gourmand
HPRegen  0.08/turn              (no ring)
MPRegen  0.10/turn              (no ring)

@: confused
A: demonic guardian 1
a: no special abilities


You were on level 1 of the Dungeon.
You were very hungry.

You visited 1 branch of the dungeon, and saw 2 of its levels.

You collected 64 gold pieces.

Inventory:

Hand Weapons
 a - a +1 dagger (weapon)
Missiles
 i - 26 stones (quivered)
Armour
 b - a +0 robe (worn)
 e - a +0 pair of gloves (worn)
 l - a +0 hat (worn)
Jewellery
 c - an amulet of the gourmand (around neck)
Scrolls
 g - a scroll of teleportation {unknown}
 j - 3 scrolls of identify {unknown}
 m - a scroll of immolation {unknown}
Comestibles
 d - 3 rations


   Skills:
 * Level 1.5 Short Blades
 - Level 1.7 Dodging
 * Level 3.4 Stealth
 + Level 2.1 Spellcasting
 + Level 3.2 Hexes
 * Level 0.1 Ice Magic


You had 3 spell levels left.
You knew the following spells:

 Your Spells              Type           Power        Failure   Level  Hunger
a - Corona                Hex            ##.....      5%          1    #......
b - Ensorcelled Hibernat  Hex/Ice        #.....       16%         2    ###....

Your spell library contained the following spells:

 Spells                   Type           Power        Failure   Level  Hunger
 Confuse                  Hex            ##......     16%         3    ###....
 Tukima's Dance           Hex            ##......     16%         3    ###....
 Dazzling Spray           Conj/Hex       #.....       30%         3    ###....


Dungeon Overview and Level Annotations

Branches:
Dungeon (2/15)

Altars:

Annotations:
D:1 Crazy Yiuf


Innate Abilities, Weirdness & Mutations

A weak demonic guardian rushes to your aid.


Message History

Crazy Yiuf closely misses you.
It was a potion of resistance.
You feel protected. Crazy Yiuf hits you but does no damage.
It was a potion of cancellation.
Your magical effects are unravelling.
You feel magically purged.
Your resistance to elements expires.
Crazy Yiuf barely misses you.
You closely miss Crazy Yiuf.
Crazy Yiuf is severely wounded.
Crazy Yiuf hits you with a quarterstaff of chaos.
* * * LOW HITPOINT WARNING * * *
You are confused.
You're too confused to move!
Crazy Yiuf closely misses you. Crazy Yiuf closely misses you.
You hit your white imp but do no damage.
You hit your white imp but do no damage.
Crazy Yiuf hits you with a quarterstaff of chaos!
You die...

###########.#.###....#.#
..........#.#........#.##########
#########.#.######...#.#........#
...# #.#..........#.#.######.#
##.# ###.#.#........#.#.# #.# #.#
#...........####.#.######.#
#.####................#.#......#
#..............5#######.#.######
######........g@........#.#
######.........#####.###
#.####.##.#.......# ###### #.#
#.##.#.....#.# ...[.# ####.#
#.##.#######.# ####.# #....#
#.##...)...†.# #.# #.####
#.############ #.# #.# #.# #.#
#.# #)#


You could see Crazy Yiuf and a friendly white imp.

Vanquished Creatures
  An adder (D:2)
  A dart slug (D:1)
  A worm (D:2)
  2 leopard geckos
  A giant cockroach (D:1)
  4 hobgoblins
  A bat (D:1)
  5 frilled lizards
  6 kobolds (D:1)
22 creatures vanquished.

Notes
Turn   | Place    | Note
-------+----------+-------------------------------------------
     0 | D:1      | topirishpotato the Demonspawn Enchanter began the quest for
                  | the Orb.
     0 | D:1      | Reached XP level 1. HP: 13/13 MP: 3/3
   454 | D:1      | Reached skill level 1 in Short Blades
   648 | D:1      | Gained mutation: A weak demonic guardian rushes to your
                  | aid. [demonic ancestry]
   648 | D:1      | Reached XP level 2. HP: 19/19 MP: 5/5
  1324 | D:1      | Learned a level 2 spell: Ensorcelled Hibernation
  1392 | D:2      | Reached XP level 3. HP: 24/24 MP: 6/6
  1645 | D:2      | Found a runed door.
  1649 | D:2      | Noticed Crazy Yiuf
  1677 | D:2      | HP: 1/24 [Crazy Yiuf/quarterstaff of chaos (7)]
  1686 | D:1      | Mangled by Crazy Yiuf

Vault maps used:
D:1:      eino_arrival_cavern_a
D:2:      uniq_crazy_yiuf_cottage, uniq_sigmund

Skill      XL: |  1 |
---------------+----+-----
Short Blades   | 1 |  1.5
Stealth        | 3 |  3.4
Dodging        | |  1.7
Spellcasting   | |  2.1
Hexes          | |  3.2
Ice Magic      | |  0.1

Action                   || total
-------------------------++-------
Melee: Dagger            ||    68
 Cast: Corona            ||     7
       Ensorcelled Hiber ||     9
  Use: Potion            ||     3
 Stab: Sleeping          ||     9
  Eat: Chunk             ||     2
Armor: Robe              ||    12
Dodge: Dodged            ||    35

Table legend:
 A = Non-vault XP
 B = Vault XP
 C = Vault XP percentage of total XP
 D = Non-vault monster count
 E = Vault monster count
 F = Vault count percentage of total count
                 A         B        C        D         E       F
            +---------+---------+-------+---------+---------+-------
      Total |      53 |       0 |   0.0 |      22 |       0 |   0.0
            +---------+---------+-------+---------+---------+-------
        D:1 |      28 |       0 |   0.0 |      16 |       0 |   0.0
        D:2 |      25 |       0 |   0.0 |       6 |       0 |   0.0
            +---------+---------+-------+---------+---------+-------
